 Dungeon Crawl Stone Soup version 0.18.1-48-g4cf74bf (webtiles) character file.

4394 Antonin the Archer (level 10, -4/60 HPs)
             Began as a High Elf Hunter on Sept 11, 2016.
             Was an Initiate of Ashenzari.
             Slain by ender666's ghost (9 damage)
             ... on level 8 of the Dungeon on Sept 12, 2016.
             The game lasted 01:05:21 (11890 turns).

Antonin the Archer (High Elf Hunter)               Turns: 11890, Time: 01:05:21

Health: -4/60      AC:  6    Str: 11    XL:     10   Next: 13%
Magic:  11/11      EV: 20    Int: 15    God:    Ashenzari [......]
Gold:   481        SH:  5    Dex: 23    Spells: 0 memorised, 9 levels left

rFire  . . .     SeeInvis .     J - +8 rapier of Devotion {flame, rC- Dex+3}
rCold  x . .     Gourm    .     v - +3 leather armour {rPois} (curse)
rNeg   . . .     Faith    .     (no shield)
rPois  +         Spirit   .     (no helmet)
rElec  .         Dismiss  .     (no cloak)
rCorr  .         Reflect  +     (no gloves)
SustAt .         Harm     .     (no boots)
MR     +....                    I - +5 amulet of reflection
Stlth  ++++......               (no ring)
                                (no ring)

@: lethally poisoned (-4 -> -17), somewhat resistant to hostile enchantments,
stealthy
A: no striking features
a: Curse Item, Renounce Religion


You were on level 8 of the Dungeon.
You worshipped Ashenzari.
Ashenzari was noncommittal.
You were not hungry.

You visited 2 branches of the dungeon, and saw 9 of its levels.

You collected 481 gold pieces.

Inventory:

Hand Weapons
 a - a +1 shortbow
 b - a +2 short sword of electrocution
 J - the +8 rapier of Devotion (weapon) {flame, rC- Dex+3}
   (You found it on level 7 of the Dungeon)

   It has been specially enchanted to burn those struck by it, causing extra
   injury to most foes and up to half again as much damage against particularly
   susceptible opponents.
   It affects your dexterity (+3).
   It makes you vulnerable to cold.
Armour
 v - a cursed +3 leather armour of poison resistance (worn)
 K - a +3 leather armour
Jewellery
 I - a +5 amulet of reflection (around neck)
Wands
 l - a wand of iceblast (7/15)
 E - a wand of paralysis (15/24)
 G - a wand of flame (13/48)
Scrolls
 c - a scroll of immolation
 e - 3 scrolls of teleportation
 h - 4 scrolls of remove curse
 i - a scroll of blinking
 u - 2 scrolls of fear
 w - 4 scrolls of fog
 y - a scroll of amnesia
 D - a scroll of silence {unknown}
 H - a scroll of magic mapping {unknown}
 L - a scroll of enchant weapon {unknown}
Potions
 g - a potion of resistance
 k - 5 potions of curing
 m - a potion of invisibility
 n - a potion of cure mutation
 o - a potion of haste {unknown}
 p - a potion of ambrosia {unknown}
 r - a potion of might
 t - 3 potions of flight
 x - a potion of brilliance {unknown}
 z - a potion of cancellation {unknown}
 B - a potion of mutation {unknown}
 C - 2 potions of agility
 F - a potion of degeneration {unknown}
Comestibles
 f - 7 bread rations
 j - 2 slices of pizza
 q - a beef jerky
 s - 4 meat rations
 A - 6 fruits


   Skills:
 - Level 2.0 Fighting
 * Level 13.9 Bows
 + Level 8.5 Dodging
 + Level 8.9 Stealth


You had 9 spell levels left.
You didn't know any spells.

Dungeon Overview and Level Annotations

Branches:
Dungeon (8/15)             Temple (1/1) D:6
   Lair: D:8-11

Altars:
Ashenzari
Cheibriados
Dithmenos
Elyvilon
Fedhas
Gozag
Kikubaaqudgha
Makhleb
Okawaru
Pakellas
Qazlal
Ru
Sif Muna
Trog
Xom
Yredelemnul
Zin
The Shining One

Shops:
D:4 *

Annotations:
D:8 exclusion: orange crystal statue, ender666's ghost, novice GrFi


Message History

You hit ender666's ghost but do no damage.
Ender666's ghost is almost destroyed.
* * * LOW HITPOINT WARNING * * *
You feel sick.
Ender666's ghost hits you but does no damage.
You barely miss ender666's ghost.
Ender666's ghost is almost destroyed.
* * * LOW HITPOINT WARNING * * *
You feel sick. Ender666's ghost closely misses you.
Ender666's ghost hits you but does no damage.
You closely miss ender666's ghost.
Ender666's ghost is almost destroyed.
* * * LOW HITPOINT WARNING * * *
You feel sick. Ender666's ghost hits you.
* * * LOW HITPOINT WARNING * * *
You hit ender666's ghost but do no damage.
Ender666's ghost is almost destroyed.
* * * LOW HITPOINT WARNING * * *
You feel sick. Ender666's ghost hits you!
You die...

.. .## ..###
##..#
#....####....###
#...........(...
#..........(....
..
.........(.....
.. #.....# ..
##..W.# ......
#.@.## # #...
#..## #...#
##.## # #...#
##.## #.#....###
##.##
##.......###.##
#........#..##
....##......#
..#.#.##...##


You could see ender666's ghost.

Vanquished Creatures
  Pikel (D:5)
  Joseph (D:7)
  Menkaure (D:5)
  Duvessa (D:7)
  2 orc warriors
  2 slaves (D:5)
  3 sky beasts
  An ice beast (D:7)
  3 ogres
  The ghost of Noshyer the Insei, an amateur OpTm (D:3)
  A big kobold (D:7)
  2 gnoll sergeants
  3 giant frogs
  2 scorpions
  Dowan (D:7)
  3 killer bees
  5 wights (D:7)
  3 howler monkeys
  7 crimson imps
  A giant frog zombie (D:6)
  2 centaur zombies
  A hound (D:5)
  A jelly (D:6)
  3 orc priests
  14 orc wizards
  A gnoll shaman (D:5)
  A centaur skeleton (D:4)
  4 worker ants
  2 hound zombies
  A hound skeleton (D:5)
  A worker ant zombie (D:6)
  11 gnolls
  9 adders
  2 shadow imps
  5 oozes
  An adder skeleton (D:6)
  An adder zombie (D:5)
  3 worms
  6 dart slugs
  4 giant geckos
  33 orcs
  9 bats
  A bat zombie (D:7)
  4 giant cockroaches
  15 goblins
  11 hobgoblins
  18 jackals
  4 quokkas
  3 ball pythons
  2 giant gecko skeletons
  4 giant newts
  16 kobolds
  2 quokka skeletons
  12 rats
251 creatures vanquished.

Vanquished Creatures (others)
  A crimson imp (D:6)
  An orc (D:6)
  A fungus (D:1)
3 creatures vanquished.

Grand Total: 254 creatures vanquished

Notes
Turn   | Place    | Note
--------------------------------------------------------------
     0 | D:1      | Antonin the High Elf Hunter began the quest for the Orb.
     0 | D:1      | Reached XP level 1. HP: 14/14 MP: 2/2
   374 | D:1      | Reached XP level 2. HP: 19/19 MP: 3/3
   775 | D:1      | Reached skill level 6 in Bows
   953 | D:1      | Reached XP level 3. HP: 17/24 MP: 4/4
  2290 | D:2      | Reached XP level 4. HP: 29/29 MP: 5/5
  2330 | D:2      | Found a burning altar of Makhleb.
  2728 | D:2      | Found a faded altar to an unknown god.
  3121 | D:3      | Noticed Noshyer's ghost (amateur OpTm)
  3797 | D:3      | Found a shimmering altar of Xom.
  3862 | D:3      | Reached skill level 7 in Bows
  3862 | D:3      | Reached XP level 5. HP: 19/34 MP: 6/6
  4567 | D:3      | Reached XP level 6. HP: 39/39 MP: 7/7
  4716 | D:3      | Found a glowing silver altar of Zin.
  5154 | D:3      | Killed Noshyer's ghost
  5154 | D:3      | Reached skill level 8 in Bows
  5560 | D:4      | Found Bizeck's Assorted Antiques.
  5647 | D:4      | Reached XP level 7. HP: 45/45 MP: 8/8
  6033 | D:4      | Reached skill level 5 in Dodging
  6460 | D:5      | Entered Level 5 of the Dungeon
  6531 | D:5      | Reached skill level 9 in Bows
  6832 | D:5      | Found a snail-covered altar of Cheibriados.
  7016 | D:5      | Reached skill level 5 in Stealth
  7216 | D:5      | Noticed Menkaure
  7225 | D:5      | Killed Menkaure
  7297 | D:5      | Reached skill level 10 in Bows
  7297 | D:5      | Reached XP level 8. HP: 49/50 MP: 9/9
  7316 | D:5      | Found a bloodstained altar of Trog.
  7316 | D:5      | Found a shadowy altar of Dithmenos.
  7506 | D:5      | Found a blossoming altar of Fedhas.
  7752 | D:6      | Noticed Pikel
  8265 | D:6      | Reached skill level 11 in Bows
  9060 | D:5      | Killed Pikel
  9060 | D:5      | Reached XP level 9. HP: 28/54 MP: 10/10
  9259 | D:6      | Found a deep blue altar of Sif Muna.
  9299 | D:6      | Found a staircase to the Ecumenical Temple.
  9324 | Temple   | Entered the Ecumenical Temple
  9347 | Temple   | Became a worshipper of Ashenzari the Shackled
  9414 | D:6      | Reached skill level 12 in Bows
  9925 | D:7      | Found a shattered altar of Ashenzari.
  9975 | D:7      | Noticed Joseph
 10170 | D:7      | Got the rapier of Devotion {flame, rC- Dex+3}
 10171 | D:7      | Identified the +8 rapier of Devotion {flame, rC- Dex+3} (You found it on level 7 of the Dungeon)
 10196 | D:7      | Killed Joseph
 10360 | D:7      | Noticed Duvessa
 10360 | D:7      | Noticed Dowan
 10395 | D:7      | Killed Dowan
 10398 | D:7      | Killed Duvessa
 10398 | D:7      | Reached skill level 13 in Bows
 10809 | D:7      | Found an ancient bone altar of Kikubaaqudgha.
 10980 | D:8      | Noticed an orange crystal statue
 11013 | D:8      | Reached XP level 10. HP: 55/60 MP: 11/11
 11859 | D:8      | Noticed ender666's ghost (novice GrFi)
 11890 | D:8      | Slain by ender666's ghost

Skill      XL: |  1  2  3  4  5  6  7  8  9 |
---------------+----------------------------+-----
Bows           | 6 7 8 10 11 13 | 13.9
Stealth        | 2 3 4 5 7 8 |  8.9
Dodging        | 3 4 5 7 8 |  8.5
Fighting       | |  2.0

Action                   |  1- 3 |  4- 6 |  7- 9 | 10-12 || total
-------------------------+-------+-------+-------+-------++-------
Melee: Short sword       |   154 |     6 |   189 |       ||   349
       Dagger            |       |   262 |    25 |       ||   287
       Rapier            |       |       |    66 |    64 ||   130
 Fire: Shortbow          |     4 |    88 |   363 |    26 ||   481
Invok: Curse Item        |       |       |     1 |       ||     1
  Use: Scroll            |       |     9 |     8 |     1 ||    18
       Potion            |       |       |     1 |       ||     1
 Stab: Sleeping          |     7 |     6 |     5 |       ||    18
       Distracted        |       |       |     3 |     1 ||     4
  Eat: Chunk             |     3 |     9 |    18 |     3 ||    33
       Fruit             |       |     2 |     1 |       ||     3
Armor: Leather armour    |    26 |    57 |    77 |    14 ||   174
Dodge: Dodged            |    96 |   210 |   246 |    86 ||   638
Block: Other             |       |       |       |    21 ||    21
